 Dungeon Crawl Stone Soup version 0.26-a0-572-g753d7e3450 (webtiles) character file.

Game seed: 8454368557270906415

105 Mitsuki the Covered (level 4, -4/41 HPs)
             Began as a Minotaur Fighter on Aug 21, 2020.
             Killed from afar by an orc wizard (5 damage)
             ... with a puff of flame
             ... on level 3 of the Dungeon.
             The game lasted 00:03:27 (1648 turns).

Mitsuki the Covered (Minotaur Fighter)              Turns: 1648, Time: 00:03:27

Health: -4/41      AC: 15    Str: 20    XL:     4   Next: 54%
Magic:  3/3        EV:  5    Int:  6    God:
Gold:   100        SH:  9    Dex: 10    Spells: 3/3 levels left

rFire    . . .     SeeInvis .   a - +0 long sword
rCold    . . .     Faith    .   c - +0 kite shield
rNeg     . . .     Spirit   .   g - +0 chain mail
rPois    .         Reflect  .   q - +1 hat
rElec    .         Harm     .   s - +0 cloak {rCorr}
rCorr    +                      (no gloves)
MR       .....                  (no boots)
Stlth    ..........             (no amulet)
HPRegen  0.13/turn              o - +4 ring of protection
MPRegen  0.08/turn              (no ring)

@: no status effects
A: retaliatory headbutt, horns 2
a: no special abilities


You were on level 3 of the Dungeon.
You visited 1 branch of the dungeon, and saw 3 of its levels.

You collected 100 gold pieces.

Inventory:

Hand Weapons
 a - a +0 long sword (weapon)
Armour
 c - a +0 kite shield (worn)
 g - a +0 chain mail (worn)
 q - a +1 hat (worn)
 s - a +0 cloak of preservation (worn)
Jewellery
 l - an uncursed amulet of magic regeneration
 o - a +4 ring of protection (left hand)
Scrolls
 e - a scroll of amnesia {unknown}
 i - a scroll of remove curse {unknown}
 k - 2 scrolls of blinking {unknown}
 m - a scroll of immolation {unknown}
 r - 2 scrolls of identify {unknown}
Potions
 b - 2 potions of stabbing {unknown}
 d - a potion of might
 f - a potion of magic {unknown}
 h - a potion of brilliance {unknown}
 j - a potion of invisibility {unknown}
 n - a potion of curing {unknown}
 p - 2 potions of lignification {unknown}


   Skills:
 + Level 4.5 Fighting
 + Level 3.5 Long Blades
 + Level 4.5 Armour
 + Level 4.5 Shields


You had 3 spell levels left.
You didn't know any spells.
Your spell library was empty.

Dungeon Overview and Level Annotations

Branches:
Dungeon (3/15)

Altars:
Trog
Uskayaw


Innate Abilities, Weirdness & Mutations

You reflexively headbutt those who attack you in melee.
You have a pair of horns on your head.


Message History

Beogh smites you!
* * * LOW HITPOINT WARNING * * *
You take 12 damage, and have 10/41 hp.
MASSIVE DAMAGE!!
You miss something.
Something hits you but does no damage. x2
You miss something. Your headbutt misses something.
Something hits you but does no damage.
You barely miss something.
You hear some strange, mumbled words.
Something tries to affect you, but you resist.
You miss something. Something hits you but does no damage.
You hear some strange, mumbled words.
A puff of flame appears from out of thin air!
The puff of flame hits you!
* * * LOW HITPOINT WARNING * * *
You take 9 damage, and have 1/41 hp.
MASSIVE DAMAGE!!
You slash something!
You hear some strange, mumbled words.
A puff of flame appears from out of thin air!
The puff of flame hits you.
You die...

#.# #.. #.########
#####.. #
#......... .......
...######.#######.
.####..
.................
#..
..###....#######
#.. #...#.# #..
#.?...#######. ###
#....)@{oo....
.....##..########
....#. #..# ...##.
#..# .#. .. ...# #
#.###$# #.# ..


You could see an orc priest and an orc.

Vanquished Creatures
  Crazy Yiuf (D:2)
  3 adders
  A worm (D:2)
  2 dart slugs
  A leopard gecko (D:1)
  An orc (D:3)
  A ball python (D:1)
  3 giant cockroaches (D:1)
  5 goblins
  6 hobgoblins
  2 jackals (D:2)
  A quokka (D:2)
  A bat (D:1)
  3 frilled lizards (D:1)
  4 kobolds
  8 rats
43 creatures vanquished.

Notes
Turn   | Place    | Note
-------+----------+-------------------------------------------
     0 | D:1      | Mitsuki the Minotaur Fighter began the quest for the Orb.
     0 | D:1      | Reached XP level 1. HP: 19/19 MP: 0/0
   131 | D:1      | Reached XP level 2. HP: 27/27 MP: 1/1
   736 | D:2      | Reached XP level 3. HP: 33/33 MP: 2/2
  1000 | D:2      | Found a hide-covered altar of Uskayaw.
  1135 | D:2      | Found a runed translucent door.
  1138 | D:2      | Noticed Crazy Yiuf
  1145 | D:2      | Killed Crazy Yiuf
  1145 | D:2      | Reached XP level 4. HP: 19/41 MP: 3/3
  1587 | D:3      | Found a bloodstained altar of Trog.
  1647 | D:3      | HP: 1/41 [something/puff of flame (9)]
  1648 | D:3      | Killed from afar by an orc wizard

Illustrated notes

Levels and vault maps discovered:
D:1:      psy_arrival_terrarium, layout_basic
D:2:      layout_loops_ring, lemuel_crystal_altar, uniq_crazy_yiuf_cottage
D:3:      layout_loops_ring, lemuel_doored_altar, lemuel_crystal_altar,
          overflow_temple_1_default, cheibriados_altar_1, gammafunk_ghost_smash

Skill      XL: |  1  2 |
---------------+-------+-----
Shields        | 4 |  4.5
Fighting       | 4 |  4.5
Armour         | 4 |  4.5
Long Blades    | 3 |  3.5

Action                   |  1- 3 |  4- 6 || total
-------------------------+-------+-------++-------
Melee: Long sword        |    69 |    28 ||    97
       Headbutt          |    13 |     3 ||    16
Armor: Chain mail        |    29 |    15 ||    44
Dodge: Dodged            |    13 |     2 ||    15
Block: Kite shield       |    32 |     6 ||    38
       Rpst.: Long sword |     4 |     2 ||     6

Table legend: (Time is in decaauts)
 A = Elapsed time spent in this place.
 B = Non-inter-level travel time spent in this place.
 C = Inter-level travel time spent in this place.
 D = Time resting spent in this place.
 E = Time spent auto-exploring this place.
 F = Levels seen in this place.
 G = Mean time per level.
                   A        B        C        D        E       F      G
               +--------+--------+--------+--------+--------+-----+--------+
         Total |   1677 |   1598 |     79 |      0 |   1298 |   3 |  559.0 |
       Dungeon |   1677 |   1598 |     79 |      0 |   1298 |   3 |  559.0 |
               +--------+--------+--------+--------+--------+-----+--------+

Top non-repeatable levels by time:
     D:2: 901 daAuts
     D:1: 709 daAuts
     D:3: 65 daAuts
